 Dungeon Crawl Stone Soup version 0.28.0-53-g5a82cb258f (webtiles) character file.

Game seed: 16853163985055393156

8 protoss039 the Digger (level 2, 10/20 HPs)
             Began as a Demonspawn Earth Elementalist on June 7, 2022.
             Got out of the dungeon alive.
             The game lasted 00:00:44 (506 turns).

protoss039 the Digger (DsEE)                         Turns: 506, Time: 00:00:45

Health: 10/20      AC:  2    Str:  8    XL:     2   Next: 0%
Magic:  5/5        EV: 12    Int: 16    God:
Gold:   48         SH:  0    Dex: 13    Spells: 4/5 levels left

rFire   . . .      SeeInvis .   e - +0 dagger
rCold   . . .      Faith    .   (no shield)
rNeg    . . .      Spirit   .   b - +0 robe
rPois   .          Reflect  .   (no helmet)
rElec   .          Harm     .   (no cloak)
rCorr   .          Rampage  .   (no gloves)
Will    .....                   (no boots)
Stlth   ++........              (no amulet)
HPRegen 0.06/turn               (no ring)
MPRegen 0.09/turn               (no ring)

@: no status effects
A: hooves 1
a: no special abilities


You escaped.
You visited 1 branch of the dungeon, and saw 1 of its levels.

You collected 48 gold pieces.

Inventory:

Hand Weapons
 e - a +0 dagger (weapon)
Missiles
 c - 39 stones
Armour
 b - a +0 robe (worn)
Scrolls
 a - 3 scrolls of identify {unknown}
 g - a scroll of summoning {unknown}
 i - a scroll of immolation {unknown}
Potions
 d - a potion of flight {unknown}
 f - a potion of heal wounds {unknown}
 h - a potion of invisibility {unknown}


   Skills:
 * Level 0.8 Fighting
 + Level 0.3 Armour
 - Level 1.7 Dodging
 - Level 1.7 Stealth
 + Level 2.1 Spellcasting
 - Level 1.0 Transmutations
 + Level 2.8 Earth Magic


You had 4 spell levels left.
You knew the following spells:

 Your Spells              Type           Power      Damage    Failure   Level
a - Sandblast             Erth           20%        2d7       6%          1

Your spell library contained the following spells:

 Spells                   Type           Power      Damage    Failure   Level
 Passwall                 Tmut/Erth      5%         N/A       14%         2
 Stone Arrow              Conj/Erth      12%        3d7       34%         3
 Petrify                  Tmut/Erth      7%         N/A       67%         4


Dungeon Overview and Level Annotations

Branches:
Dungeon (1/15)

Altars:


Innate Abilities, Weirdness & Mutations

You have large cloven feet.


Message History

You hit the ball python.
The ball python is moderately wounded.
The ball python bites you. The ball python constricts you.
You hit the ball python but do no damage.
The ball python is moderately wounded.
The ball python barely misses you. The ball python constricts you.
You closely miss the ball python.
The ball python is moderately wounded.
The ball python bites you but does no damage.
The ball python constricts you.
You closely miss the ball python.
The ball python is moderately wounded.
The ball python bites you. The ball python constricts you.
You hit the ball python but do no damage.
The ball python is moderately wounded.
The ball python bites you. The ball python constricts you.
The ball python bites you.
* * * LOW HITPOINT WARNING * * *
The ball python constricts you.
* * * LOW HITPOINT WARNING * * *
Casting: Sandblast (safe; 6% risk of failure)
Confirm with . or Enter, or press ? or * to list all spells.
Aiming: Sandblast (safe; 6% risk of failure)
Press: ? - help, Shift-Dir - straight line, f - ball python
Aim: a ball python (moderately wounded, constricting you, 77% to hit)
The blast of sand hits the ball python.
You kill the ball python!
You have reached level 2!
Your demonic ancestry asserts itself...
Your feet thicken and deform.
You see here a quokka corpse.
Found a dagger.
Found 9 gold pieces.
There is a stone staircase leading down here.
There is an escape hatch in the floor here.
There is an open door here.
There is a stone staircase leading down here.
There is a staircase leading out of the dungeon here.
Are you sure you want to leave the Dungeon?
This will make you lose the game!
You have escaped!

≈≈≈≈≈≈≈≈≈≈≈≈≈≈≈≈#
#≈≈≈≈≈≈≈≈≈≈≈≈≈≈≈≈#
#≈≈≈≈≈≈≈≈≈≈.≈≈..≈#
#≈≈≈≈≈≈≈≈≈.≈≈≈..≈#
#≈≈≈≈≈≈.≈.≈≈.....#
#≈≈≈≈≈≈.≈≈......#
#≈≈≈≈≈≈≈≈8......#
#≈≈≈.≈..@.......##
#≈≈≈.≈≈..........#
#≈≈.≈≈...........#
#≈≈≈.≈......8....##
#≈≈..........8....#
#≈≈≈.....8........###
#≈≈.≈...............#
#≈≈≈≈...............#####
#≈≈≈≈.###...........>....


There were no monsters in sight!

Vanquished Creatures
  A dart slug (D:1)
  A goblin (D:1)
  A quokka (D:1)
  A ball python (D:1)
  2 frilled lizards (D:1)
  A rat (D:1)
7 creatures vanquished.

Notes
Turn   | Place    | Note
-------+----------+-------------------------------------------
     0 | D:1      | protoss039 the Demonspawn Earth Elementalist began the
                  | quest for the Orb.
     0 | D:1      | Reached XP level 1. HP: 13/13 MP: 3/3
    75 | D:1      | Found a faded altar of an unknown god.
    90 | D:1      | Reached skill level 1 in Transmutations
   422 | D:1      | Gained mutation: You have large cloven feet. [demonic
                  | ancestry]
   422 | D:1      | Reached XP level 2. HP: 5/20 MP: 3/5
   506 | D:$      | Got out of the dungeon alive.

Illustrated notes

Levels and vault maps discovered:
D:1:      nicolae_arrival_washed_ashore, layout_basic, basic_ecumenical_altar

Skill      XL: |  1 |
---------------+----+-----
Transmutations | 1 |  1.0
Fighting       | |  0.8
Armour         | |  0.3
Dodging        | |  1.7
Stealth        | |  1.7
Spellcasting   | |  2.1
Earth Magic    | |  2.8

Action                   || total
-------------------------++-------
Melee: Dagger            ||    19
 Cast: Sandblast         ||     5
Armor: Robe              ||     1
Dodge: Dodged            ||    13
